 Dungeon Crawl Stone Soup version 0.32-a0-306-gfed3edf829 (webtiles) character file.

Game seed: 5112349003262201387

112 n00bmints the Cudgeller (level 4, 0/45 HPs)
             Began as a Troll Berserker on Feb 15, 2024.
             Was a Follower of Trog.
             Incinerated by a bombardier beetle (4 damage)
             ... with a burning spray
             ... on level 3 of the Dungeon.
             The game lasted 00:12:13 (2062 turns).

n00bmints the Cudgeller (Troll Berserker)           Turns: 2062, Time: 00:12:13

Health: 0/45       AC:  4    Str: 25    XL:     4   Next: 63%
Magic:  3/3        EV: 10    Int:  3    God:    Trog [*.....]
Gold:   106        SH:  0    Dex: 11    Spells: 3/3 levels left

rFire   . . .        a - +0 mace
rCold   + . .        (no shield)
rNeg    . . .        b - +0 animal skin
rPois   .            (helmet restricted)
rElec   .            (no cloak)
rCorr   .            (gloves unavailable)
SInv    .            (boots unavailable)
Will    +....        (no amulet)
Stlth   +            g - ring of protection from cold
HPRegen 1.07/turn    (no ring)
MPRegen 0.08/turn

%: no passive effects
@: on fire, enlightened, flying, glowing
A: large, unfitting armour, claws 3, regeneration 1, shaggy fur 1, tough skin 1
a: Renounce Religion, Berserk


You were on level 3 of the Dungeon.
You worshipped Trog.
Trog was aware of your devotion.
You visited 1 branch of the dungeon, and saw 3 of its levels.

You collected 106 gold pieces.

Inventory:

Hand Weapons
 a - a +0 mace (weapon)
 c - a +0 flail
Armour
 b - a +0 animal skin (worn)
 d - a +3 scale mail of cold resistance
Jewellery
 g - a ring of protection from cold (left claw)
Scrolls
 e - a scroll of blinking
 f - a scroll of brand weapon {unknown}
 k - 3 scrolls of amnesia {unknown}
Potions
 j - a potion of magic {unknown}


   Skills:
 + Level 3.0 Fighting
 + Level 3.6 Maces & Flails
 + Level 3.3 Dodging
 + Level 0.2 Stealth


You had 3 spell levels left.
You didn't know any spells.
Your spell library was empty.

Dungeon Overview and Level Annotations

Branches:
Dungeon (3/15)

Altars:


Innate Abilities, Weirdness & Mutations

You are too large for most types of armour.
You have claws for hands.
Your natural rate of healing is unusually fast.
You are covered in fur. (AC +1)
You have tough skin. (AC +1)


Message History

You hit the bombardier beetle.
The bombardier beetle is moderately wounded.
The liquid fire burns you!
* * * LOW HITPOINT WARNING * * *
The bat barely misses you. The bat hits you but does no damage.
The bombardier beetle sprays incendiary fluid at you.
The burning spray hits you.
You are even more covered in liquid fire!
You hit the bombardier beetle.
The bombardier beetle is heavily wounded.
The liquid fire burns you!
* * * LOW HITPOINT WARNING * * *
The bat hits you.
* * * LOW HITPOINT WARNING * * *
You hit the bombardier beetle but do no damage.
The bombardier beetle is heavily wounded.
The liquid fire burns you!
* * * LOW HITPOINT WARNING * * *
The bat closely misses you.
The bombardier beetle sprays incendiary fluid at you.
The burning spray hits you.
You are even more covered in liquid fire!
It was a potion of enlightenment {Mace Son of Moag}.
You feel very buoyant.
You fly up into the air.
The liquid fire burns you!
* * * LOW HITPOINT WARNING * * *
The bat closely misses you. The bat hits you but does no damage.
The bombardier beetle barely misses you.
Blink to where?
Press: ? - help, Dir - move target Blink to where?
Press: ? - help, Dir - move target Blink to where?
Press: ? - help, Dir - move target
Okay, then.
As you read the scroll labelled JAMMUU FECEM, it crumbles to dust.
It was a scroll of blinking.
The liquid fire burns you!
You die...

##### ##...##
##ß...ß##
#.......#
#..B<...###
#..@....:...
#...b..ß.......
#.........#....
#.........# ...
#.........# ..
#.........# .
...........#
######...###


You could see a bombardier beetle and a bat.

Vanquished Creatures
  Terence (D:2)
  An adder (D:2)
  A dart slug (D:2)
  A ribbon worm (D:2)
  An orc (D:2)
  2 bats
  4 endoplasms
  3 giant cockroaches
  3 hobgoblins
  8 jackals
  2 kobolds
  2 quokkas (D:2)
  3 ball pythons
  A frilled lizard (D:2)
  3 goblins (D:2)
  2 rats (D:1)
38 creatures vanquished.

Notes
Turn   | Place    | Note
-------+----------+-------------------------------------------
     0 | D:1      | n00bmints the Troll Berserker began the quest for the Orb.
     0 | D:1      | Reached XP level 1. HP: 22/22 MP: 0/0
   269 | D:1      | Reached XP level 2. HP: 18/29 MP: 1/1
   788 | D:1      | Found a faded altar of an unknown god.
   941 | D:1      | Reached XP level 3. HP: 36/36 MP: 2/2
  1709 | D:2      | Reached XP level 4. HP: 41/44 MP: 3/3
  1711 | D:2      | Reached ** piety under Trog
  1942 | D:3      | Noticed Terence
  1980 | D:2      | Killed Terence
  2062 | D:3      | Incinerated by a bombardier beetle

Illustrated notes

Levels and vault maps discovered:
D:1:      dpeg_arrival_boxes_within_box, layout_basic,
          chequers_ecumenical_altar_lobes, chequers_decorated_corner
D:2:      layout_basic, serial_park_tiny_1
D:3:      minmay_recursive_quarters, layout_basic, grunt_ministairs_1,
          uniq_terence

Skill      XL: |  1  2  3  4 |
---------------+-------------+-----
Maces & Flails | 3 |  3.6
Dodging        | 3 |  3.3
Fighting       | 3 |  3.0
Stealth        | |  0.2

Action                     |  1- 3 |  4- 6 || total
---------------------------+-------+-------++-------
  Melee: Mace              |   225 |    39 ||   264
    Use: Potion            |       |     2 ||     2
         Scroll            |       |     1 ||     1
 Armour: Animal skin       |   132 |    42 ||   174
  Dodge: Dodged            |   106 |    49 ||   155

Table legend: (Time is in decaauts)
 A = Elapsed time spent in this place.
 B = Non-inter-level travel time spent in this place.
 C = Inter-level travel time spent in this place.
 D = Time resting spent in this place.
 E = Time spent auto-exploring this place.
 F = Levels seen in this place.
 G = Mean time per level.
                   A        B        C        D        E       F      G
               +--------+--------+--------+--------+--------+-----+--------+
         Total |   2124 |   2019 |    105 |      0 |      0 |   3 |  708.0 |
       Dungeon |   2124 |   2019 |    105 |      0 |      0 |   3 |  708.0 |
               +--------+--------+--------+--------+--------+-----+--------+

Top non-repeatable levels by time:
     D:1: 1185 daAuts
     D:2: 908 daAuts
     D:3: 30 daAuts
